 Dungeon Crawl Stone Soup version 0.24.0-123-gd5b16e6ec5 (webtiles) character file.

Game seed: 16956296379408735328, levelgen mode: deterministic

14422 brucemayne the Severer (level 12, -11/121 HPs)
             Began as a Hill Orc Monk on Jan 25, 2020.
             Was an Elder of the Shining One.
             Mangled by an orc warrior
             ... wielding a +0 hand axe
              (18 damage)
             ... on level 2 of the Orcish Mines.
             The game lasted 00:36:44 (7070 turns).

brucemayne the Severer (Hill Orc Monk)              Turns: 7070, Time: 00:36:44

Health: -11/121    AC:  4    Str: 19    XL:     12   Next: 16%
Magic:  16/16      EV: 13    Int: 10    God:    the Shining One [****..]
Gold:   1389       SH:  0    Dex: 16    Spells: 11/11 levels left

rFire    . . .     SeeInvis .   q - +0 battleaxe
rCold    + . .     Gourm    .   (shield currently unavailable)
rNeg     + + .     Faith    .   z - +0 troll leather armour
rPois    .         Spirit   .   (helmet restricted)
rElec    .         Reflect  .   o - +0 cloak
rCorr    .         Harm     .   f - +2 pair of gloves
MR       .....     Rnd*Tele +   (no boots)
Stlth    +.........             h - amulet of the acrobat
HPRegen  0.70/turn              F - ring of protection from cold
MPRegen  0.15/turn              O - +3 ring of dexterity

@: corroded, glowing
A: antennae 1, blink, robust 1, teleportitis 1
a: Blink, Divine Shield, Cleansing Flame, Renounce Religion


You were on level 2 of the Orcish Mines.
You worshipped the Shining One.
The Shining One was greatly pleased with you.
You were not hungry.

You visited 3 branches of the dungeon, and saw 16 of its levels.

You collected 1389 gold pieces.

Inventory:

Hand Weapons
 a - a +1 hand axe
 i - a +2 dagger of pain
 q - a +0 battleaxe (weapon)
 K - a +0 hand axe of electrocution
 P - a +2 whip of electrocution
 R - a +4 scimitar of flaming
Missiles
 k - 12 javelins (quivered)
 C - a throwing net
 I - 3 poisoned darts
Armour
 b - a +0 robe
 d - a +1 chain mail of poison resistance
 f - a +2 pair of gloves (worn)
 g - a +0 ring mail
 j - a +0 chain mail
 l - the +3 helmet of Jufuggis {rF+ Int+6}
   (You took it off Robin on level 4 of the Dungeon)

   It affects your intelligence (+6).
   It protects you from fire.
 n - a +0 scale mail
 o - a +0 cloak (worn)
 w - a +0 scale mail
 x - a +1 plate armour
 z - a +0 troll leather armour (worn)
 Q - a +0 shield
Jewellery
 h - an amulet of the acrobat (around neck)
 u - an uncursed ring of attention
 F - a ring of protection from cold (left hand)
 H - a -3 ring of evasion
 M - an uncursed amulet of harm
 O - a +3 ring of dexterity (right hand)
Wands
 v - a wand of polymorph (8)
 A - a wand of flame (13)
 D - a wand of random effects (10)
 L - a wand of enslavement (7)
 N - a wand of disintegration (8)
Scrolls
 p - a scroll of random uselessness
 r - 3 scrolls of identify
 s - 2 scrolls of fog
 y - 3 scrolls of remove curse
 E - 2 scrolls of magic mapping
 G - 3 scrolls of enchant weapon
Potions
 m - 2 potions of invisibility
 t - 2 potions of flight
 B - a potion of cancellation
 J - a potion of brilliance
Comestibles
 c - 6 rations


   Skills:
 + Level 11.6 Fighting
 + Level 18.7 Axes
 - Level 2.4 Dodging
 - Level 1.5 Stealth
 - Level 4.8 Invocations
 - Level 5.8 Evocations


You had 11 spell levels left.
You didn't know any spells.
Your spell library contained the following spells:

 Spells                   Type           Power        Failure   Level  Hunger
 Summon Small Mammal      Summ           #...         41%         1    ##.....
 Call Imp                 Summ           #.......     56%         2    ###....
 Call Canine Familiar     Summ           #.......     80%         3    ####...
 Summon Guardian Golem    Hex/Summ       #.......     80%         3    ####...
 Cause Fear               Hex            #.........   99%         4    #####..
 Summon Ice Beast         Ice/Summ       #.......     99%         4    #####..
 Summon Lightning Spire   Summ/Air       #.......     99%         4    #####..
 Silence                  Hex/Air        #.........   100%        5    ######.
 Yara's Violent Unravell  Hex/Tmut       #.........   100%        5    ######.
 Deflect Missiles         Chrm/Air       #.........   100%        6    #######
 Discord                  Hex            #.........   100%        8    #######


Dungeon Overview and Level Annotations

Branches:
Dungeon (13/15)            Temple (1/1) D:7            Lair (0/6) D:9
    Orc (2/2) D:9             Elf (0/3) Orc:2
 Vaults: D:13-14

Altars:
Ashenzari
Cheibriados
Dithmenos
Elyvilon
Fedhas
Gozag
Kikubaaqudgha
Makhleb
Okawaru
Qazlal
Ru
Sif Muna
Trog
Uskayaw
Wu Jian
Xom
Yredelemnul
Zin
The Shining One
Beogh

Shops:
D:4 *   D:9 :*   D:10 }

Annotations:
D:7 exclusion: oklob sapling
Orc:2 exclusion: upstairs


Innate Abilities, Weirdness & Mutations

You have a pair of small antennae on your head.
You can translocate small distances at will.
You are robust. (+10% HP)
You are occasionally teleported next to monsters.


Message History

The rust devil hits you. The rust devil corrodes you!
The orc warrior no longer looks unusually strong.
The orc priest hits your orc warrior but does no damage.
The hellwing hits your orc warrior but does no damage.
The hellwing barely misses your orc warrior.
Your orc warrior closely misses the orc warrior.
Your orc warrior hits the orc priest with a +0 glaive!!
The orc priest dies!
The Shining One accepts your kill.
The orc warrior barely misses your orc warrior.
Unknown command.
The hellwing hits your orc warrior!
Your orc warrior dies!
Evoke which item? (* to show all) (? for menu, Esc to quit)
Aiming: Enslavement
Press: ? - help, Shift-Dir - straight line, f - orc warrior
Aim: an orc warrior, wielding a +0 hand axe and wearing a +0 plate armour (haloed, chance to defeat MR: 63%)
The orc warrior resists with significant effort.
The orc warrior hits you with a +0 hand axe!!
You die...

...##
##.#...oo.###...........
....#
#....)44.###....o.......
...##
##.#..oo#####.......o...
..##
##......#.##......##...
.##
#.........##.....###..
.#### ##...4...####...##
##o ..#.## ###...###
##......#. .....# #.o4#
##. #.... ..#).# ##@##
##.#. ###...# ### ####
####.## .## ## ..# .##
##


You could see a hellwing, an ice devil, a rust devil, a red devil, 2 orc
warriors and a friendly orc warrior.

Vanquished Creatures
  A two-headed ogre (D:13)
  An orc high priest (Orc:2)
  Urug (Orc:2)
  An unseen horror (D:11)
  A phantasmal warrior (D:11)
  A wolf spider zombie (D:12)
  An orc sorcerer (Orc:2)
  An ugly thing (D:12)
  2 gargoyles (D:12)
  A komodo dragon (D:11)
  An efreet (D:10)
  3 trolls
  Grinder (D:4)
  2 hippogriffs (D:9)
  5 yaks
  A wyvern (D:12)
  A basilisk (D:12)
  3 hungry ghosts
  A warg (Orc:2)
  An acid dragon (D:11)
  2 water moccasins
  23 orc warriors
  A phantom (D:10)
  2 sky beasts
  A necrophage (D:8)
  9 ogres
  A gnoll sergeant (D:6)
  A wyvern zombie (D:8)
  3 bullfrogs
  2 wyvern skeletons
  A water moccasin skeleton (D:8)
  A scorpion (D:10)
  3 howler monkeys
  3 crimson imps
  2 jellies
  3 quasits
  A bullfrog zombie (D:7)
  2 centaur zombies
  4 hounds
  18 orc priests
  A bullfrog skeleton (D:9)
  17 orc wizards
  4 iguanas
  5 worker ants
  Natasha (twice) (D:5)
  A hound zombie (D:9)
  Robin (D:4)
  11 adders
  3 gnolls (D:4)
  3 shadow imps
  An ooze (D:6)
  4 adder skeletons
  A worm (D:2)
  2 dart slugs
  A leopard gecko (D:5)
  69 orcs
  3 bats
  12 goblins
  5 hobgoblins
  5 jackals
  6 quokkas
  A ball python (D:6)
  2 frilled lizards
  7 kobolds
  7 rats
287 creatures vanquished.

Vanquished Creatures (collateral kills)
  An orc priest (Orc:2)
1 creature vanquished.

Vanquished Creatures (others)
  An orc warrior (Orc:2)
  A crocodile (D:10)
  A goblin (D:4)
  A plant (D:7)
4 creatures vanquished.

Grand Total: 292 creatures vanquished

Notes
Turn   | Place    | Note
-------+----------+-------------------------------------------
     0 | D:1      | brucemayne the Hill Orc Monk began the quest for the Orb.
     0 | D:1      | Reached XP level 1. HP: 19/19 MP: 1/1
   175 | D:1      | Reached XP level 2. HP: 25/26 MP: 2/2
   262 | D:2      | Reached skill level 5 in Axes
   273 | D:2      | Reached XP level 3. HP: 25/31 MP: 3/3
   541 | D:3      | Reached skill level 6 in Axes
   612 | D:4      | Noticed an ogre
   612 | D:4      | Noticed Natasha
   617 | D:5      | Entered Level 5 of the Dungeon
   660 | D:5      | Reached XP level 4. HP: 26/39 MP: 4/4
   926 | D:6      | Noticed a gnoll sergeant
   939 | D:6      | Noticed an orc warrior
   982 | D:5      | Reached skill level 7 in Axes
  1163 | D:4      | Reached XP level 5. HP: 34/45 MP: 5/5
  1183 | D:5      | Killed Natasha
  1224 | D:5      | Reached skill level 8 in Axes
  1224 | D:5      | Reached XP level 6. HP: 45/51 MP: 6/6
  1227 | D:5      | Noticed Natasha
  1243 | D:5      | Killed Natasha
  1378 | D:3      | Reached skill level 9 in Axes
  1494 | D:4      | Found Meumy's Elemental Accessories.
  1496 | D:4      | Noticed Grinder
  1509 | D:4      | Paralysed by Grinder for 5 turns
  1513 | D:4      | Identified the +3 helmet of Jufuggis {rF+ Int+6}
  1513 | D:4      | Noticed Robin
  1524 | D:4      | Killed Robin
  1693 | D:4      | Reached skill level 10 in Axes
  1693 | D:4      | Reached XP level 7. HP: 50/57 MP: 7/7
  1725 | D:4      | Killed Grinder
  1725 | D:4      | Reached skill level 11 in Axes
  2063 | D:6      | Reached XP level 8. HP: 30/64 MP: 8/8
  2080 | D:6      | Reached skill level 12 in Axes
  2215 | D:7      | Gained mutation: You occasionally shout uncontrollably at
                  | your foes. [potion of mutation]
  2215 | D:7      | Gained mutation: Your system is resistant to poisons.
                  | (rPois) [potion of mutation]
  2215 | D:7      | Gained mutation: You have a pair of small horns on your
                  | head. [potion of mutation]
  2217 | D:7      | Lost mutation: Your system is resistant to poisons. (rPois)
                  | [potion of mutation]
  2217 | D:7      | Lost mutation: You have a pair of small horns on your head.
                  | [potion of mutation]
  2217 | D:7      | Lost mutation: You occasionally shout uncontrollably at
                  | your foes. [potion of mutation]
  2217 | D:7      | Gained mutation: You are resistant to hostile enchantments.
                  | (MR+) [potion of mutation]
  2217 | D:7      | Gained mutation: You have a pair of small antennae on your
                  | head. [potion of mutation]
  2255 | D:7      | Found a staircase to the Ecumenical Temple.
  2376 | D:6      | Found a stormy altar of Qazlal.
  2481 | Temple   | Entered the Ecumenical Temple
  2575 | Temple   | Became a worshipper of the Shining One
  2575 | Temple   | Reached * piety under the Shining One
  2575 | Temple   | Reached ** piety under the Shining One
  2816 | D:8      | Reached skill level 5 in Evocations
  2995 | D:8      | Found a shattered altar of Ashenzari.
  3280 | D:7      | Reached XP level 9. HP: 23/71 MP: 13/13
  3500 | D:9      | Found Atixyro's Lightly-Used Armoury.
  3662 | D:10     | Entered Level 10 of the Dungeon
  3680 | D:10     | Noticed an efreet
  3856 | D:9      | Reached skill level 13 in Axes
  3871 | D:9      | Found Jiske's Book Boutique.
  4036 | D:10     | Reached skill level 14 in Axes
  4154 | D:11     | Lost mutation: You are resistant to hostile enchantments.
                  | (MR+) [potion of mutation]
  4154 | D:11     | Gained mutation: You can translocate small distances at
                  | will. [potion of mutation]
  4154 | D:11     | Gained mutation: You are occasionally teleported next to
                  | monsters. [potion of mutation]
  4154 | D:11     | Gained mutation: You are robust. (+10% HP) [potion of
                  | mutation]
  4168 | D:11     | Noticed a komodo dragon
  4181 | D:11     | Killed a komodo dragon
  4181 | D:11     | Reached XP level 10. HP: 45/88 MP: 11/14
  4212 | D:11     | Noticed a cyan ugly thing
  4255 | D:11     | Reached skill level 15 in Axes
  4284 | D:11     | Found a burning altar of Makhleb.
  4285 | D:11     | Noticed an Executioner
  4307 | D:12     | Reached *** piety under the Shining One
  4646 | D:13     | Noticed a two-headed ogre
  4696 | D:12     | Reached skill level 5 in Fighting
  4709 | D:12     | Noticed a gargoyle
  4715 | D:12     | Killed a gargoyle
  4715 | D:12     | Reached skill level 16 in Axes
  4817 | D:12     | Noticed a purple ugly thing
  4825 | D:12     | Killed a purple ugly thing
  5155 | D:12     | Reached XP level 11. HP: 47/101 MP: 11/15
  5338 | D:12     | HP: 4/103 [wolf spider zombie (6)]
  5339 | D:12     | Reached skill level 17 in Axes
  5388 | D:12     | Noticed a phantasmal warrior
  5388 | D:12     | Noticed a phantasmal warrior
  5388 | D:12     | Noticed a death knight
  5426 | D:10     | Found Vuly's Gadget Boutique.
  5873 | D:11     | Noticed an unseen horror
  5880 | D:11     | Killed an unseen horror
  6019 | D:13     | Killed a two-headed ogre
  6019 | D:13     | Reached skill level 10 in Fighting
  6089 | D:11     | Killed a phantasmal warrior
  6208 | D:9      | Reached skill level 18 in Axes
  6211 | D:9      | Found a staircase to the Orcish Mines.
  6225 | D:9      | Found a roughly hewn altar of Beogh.
  6234 | Orc:1    | Entered Level 1 of the Orcish Mines
  6439 | Orc:2    | Entered Level 2 of the Orcish Mines
  6439 | Orc:2    | Noticed an orc high priest
  6452 | Orc:2    | Killed an orc high priest
  6453 | Orc:2    | Found a bloodstained altar of Trog.
  6460 | Orc:1    | Noticed an orc sorcerer
  6460 | Orc:1    | Reached **** piety under the Shining One
  6460 | Orc:1    | Noticed an orc knight
  6578 | Orc:2    | Noticed Urug
  6624 | Orc:2    | Killed Urug
  6624 | Orc:2    | Reached XP level 12. HP: 34/121 MP: 13/16
  6657 | Orc:2    | Found a staircase to the Elven Halls.
  6692 | Orc:2    | Found a roughly hewn altar of Beogh.
  6696 | Orc:2    | Noticed a soul eater
  7067 | Orc:2    | HP: 5/121 [orc priest/divine providence (15)]
  7070 | Orc:2    | Mangled by an orc warrior

Levels and vault maps discovered:
D:1:      dpeg_arrival_radiant, layout_loops_ring, minmay_misc_feat_encased
D:2:      layout_basic, uniq_terence, uniq_sigmund
D:3:      layout_basic
D:4:      layout_rooms, nicolae_elemental_shop, uniq_grinder, uniq_natasha,
          uniq_robin
D:5:      layout_layer_cave, first_ration, serial_glass, glass_columns_a,
          glass_columns_b, glass_columns_a, glass_columns_b,
          ebering_dispersal_statue_hall
D:6:      cheibrodos_fzero, layout_basic, grunt_qazlal_sundering
D:7:      layout_cave_pools, minmay_temple_entry_oklob, grunt_ogre_cave
D:8:      layout_basic, kennysheep_mini, serial_corexii_hall,
          corexii_hall_statues_x, chequers_hall_statues_corner_a,
          corexii_hall_statues_x
D:9:      layout_loops_ring, erik_lair_dragon, minmay_orc_entry_temple_small,
          serial_shops, shop, minmay_shop_damaged
D:10:     minmay_evil_eye, layout_basic, serial_shops, shop
D:11:     layout_rooms, makhleb_altar_promises_db
D:12:     layout_roguey, special_room [special_room_orc], due_unseen_surprise
D:13:     layout_roguey, serial_glass, glass_columns_a, glass_columns_b,
          uniq_kirke
Temple:   roderic_octagonal_lattice_temple
Orc:1:    layout_caves, basic_altar, minmay_orc_temple_c
Orc:2:    pf_orc_diabolical, layout_caves, basic_altar, bloody_trog, uniq_urug

Skill      XL: |  1  2  3  4  5  6  7  8  9 10 11 |
---------------+----------------------------------+-----
Axes           | 5 6 7 8 10 11 12 14 16 18 | 18.7
Evocations     | 5 |  5.8
Fighting       | 4 7 11 | 11.6
Invocations    | 4 |  4.8
Dodging        | |  2.4
Stealth        | |  1.5

Action                   |  1- 3 |  4- 6 |  7- 9 | 10-12 || total
-------------------------+-------+-------+-------+-------++-------
Melee: Hand axe          |   132 |   163 |   224 |       ||   519
       Battleaxe         |       |       |   158 |   406 ||   564
Throw: Dart              |       |    10 |     4 |       ||    14
       Javelin           |       |     1 |     9 |    11 ||    21
Invok: Divine Shield     |       |       |     5 |    18 ||    23
Evoke: Wand              |       |       |     8 |     9 ||    17
  Use: Scroll            |     4 |     2 |    12 |     7 ||    25
       Potion            |       |     1 |     7 |     5 ||    13
 Stab: Invisible         |       |     7 |       |       ||     7
       Paralysed         |       |       |    23 |       ||    23
  Eat: Chunk             |       |     2 |     2 |     5 ||     9
       Ration            |       |     1 |     2 |     4 ||     7
Armor: Ring mail         |    36 |    11 |       |       ||    47
       Scale mail        |       |    65 |    26 |       ||    91
       Plate armour      |       |       |   184 |    67 ||   251
       Troll leather arm |       |       |       |    69 ||    69
Dodge: Dodged            |    70 |   128 |   119 |   201 ||   518
Block: Other             |       |       |    16 |    55 ||    71
